cohdb
Replays
Latest Replays
All Replays
Popular Replays
Top Player Replays
Match Explorer
How It Works
Community
CoH3 Stats
Reddit
Sign in to upload your games and track your stats! →
Sign in with Steam
Match 41129849
Unlisted
Match 41129849
Overview
Messages
Build Orders
End
Selects Italian Combined Arms Battlegroup
Selects Bersaglieri Squad
Bersaglieri Squad
250 Light Carrier
Bersaglieri Squad
Construct Light Support Kompanie
Bersaglieri Squad
Combat Half-tracks
Fire Support Elements
Assault Grenadier Squad
Panzerjäger Mechanized Group
Construct Panzerarmee Kommand
Selects Semovente da 75/18 Assault Gun
Selects Strafing Run
Panzer III L Medium Tank
Vehicle Survival Package
Strafing Run
Panzer III L Medium Tank
Selects Artillery Cover
Phan
kamacura
JIANHU
SoldMyDad
[EPIC]SAGEKING
Potato Ball Sack
Lero
CalmSassarShow
0
0
Comments
sign in to comment!
No comments posted yet!